Map: Ascension to Aiur LE

Players

MegaXyloN

  • Race: Zerg Zerg
  • League: Master
  • Spawn Location: 5:00

llllllllllll - Winner!

  • Race: Protoss Protoss
  • League: Master
  • Spawn Location: 11:00

VOD

Have the link to the VOD?

Description

Time

  • Played on: Jan. 11, 2018, 8:25 p.m.
  • Length: 12:55
Show
View Real Time Build Order
Export as new Build Order

MegaXyloN Zerg 

Build Orders: Hatch First 

Get SALT Encoding   

  12  0:01  Drone  
  13  0:12  Overlord  
  13  0:18  Drone  
  14  0:31  Drone x2  
  14  0:34  Drone  
  17  0:52  Hatchery  
  17  0:55  Drone  
  17  0:59  Drone  
  18  1:09  Extractor  
  17  1:13  Spawning Pool  
  17  1:16  Drone  
  17  1:20  Drone  
  18  1:28  Drone  
  19  1:43  Hatchery  
  19  1:46  Drone  
  19  1:51  Drone  
  20  2:00  Queen  
  22  2:09  Queen  
  22  2:12  Drone  
  25  2:16  Drone  
  25  2:19  Drone  
  27  2:25  Overlord  
  27  2:31  Metabolic Boost  
  27  2:34  Drone  
  28  2:43  Drone x3  
  31  2:47  Drone  
  31  2:49  Drone  
  33  2:55  Overlord  
  33  2:58  Zergling x2  
  34  3:01  Queen  
  34  3:04  Zergling x2  
  37  3:09  Pneumatized Carapace  
  37  3:17  Spore Crawler  
  35  3:27  Extractor  
  35  3:28  Drone  
  35  3:31  Drone  
  35  3:32  Drone x5  
  43  3:37  Overlord  
  42  3:56  Spore Crawler  
  42  3:57  Spore Crawler  
  42  3:58  Drone x2  
  42  3:59  Spore Crawler, Drone x4  
  45  4:04  Drone  
  45  4:05  Drone  
  45  4:09  Overlord  
  47  4:13  Drone x3  
  46  4:21  Drone  
  46  4:24  Drone x4  
  46  4:29  Drone  
  46  4:30  Drone x2  
  51  4:39  Drone  
  51  4:42  Drone x3  
  51  4:44  Baneling Nest  
  51  4:45  Evolution Chamber  
  53  4:46  Drone x2  
  53  4:47  Drone  
  53  4:52  Drone x3  
  59  4:59  Zergling x4  
  60  5:10  Drone x5  
  60  5:11  Drone  
  60  5:13  Lair, Overlord  
  65  5:25  Overlord  
  65  5:30  Drone  
  65  5:32  Extractor  
  65  5:33  Extractor  
  65  5:35  Drone x3  
  67  5:37  Extractor  
  67  5:38  Zergling x4, Zerg Melee Weapons Level 1  
  67  5:39  Zergling x10  
  67  5:42  Zergling x4, Hatchery  
  74  5:47  Zergling x6  
  77  5:52  Zergling x4  
  79  5:58  Drone  
  79  6:02  Drone x2  
  82  6:08  Extractor  
  82  6:09  Extractor, Drone x2  
  82  6:10  Overlord x3  
  82  6:14  Centrifical Hooks  
  82  6:15  Hydralisk Den  
  82  6:16  Overlord  
  81  6:19  Drone  
  82  6:29  Overlord x2  
  80  6:39  Zergling x2  
  80  6:40  Zergling x20  
  80  6:45  Overlord  
  90  6:49  Drone x2  
  81  7:14  Zergling x2  
  81  7:15  Zergling x24  
  88  7:18  Queen  
  88  7:21  Drone  
  89  7:24  Muscular Augments  
  89  7:26  Drone x2  
  89  7:27  Drone  
  92  7:31  Drone  
  92  7:34  Zerg Melee Weapons Level 2  
  93  7:38  Baneling  
  93  7:39  Baneling x3, Evolution Chamber  
  93  7:40  Baneling x5  
  93  7:41  Baneling x2  
  93  7:42  Overlord  
  91  7:45  Drone x3  
  91  7:49  Hydralisk x3  
  98  7:57  Hydralisk  
  98  7:58  Hydralisk x5  
  100  8:03  Hydralisk  
  100  8:04  Hydralisk x3  
  113  8:12  Hydralisk  
  101  8:33  Hydralisk x6  
  111  8:34  Zergling x4  
  111  8:35  Zergling x4  
  111  8:37  Drone x2  
  111  8:39  Infestation Pit, Zerg Missile Weapons Level 1  
  111  8:41  Drone  
  119  8:42  Baneling x2  
  119  8:43  Baneling  
  119  8:44  Overlord  
  119  8:48  Drone x2  
  121  8:54  Hatchery  
  119  9:00  Drone  
  120  9:04  Drone x3  
  123  9:12  Overseer  
  123  9:14  Hydralisk x4  
  123  9:15  Zergling x6  
  123  9:16  Zergling x4  
  136  9:17  Spire  
  136  9:21  Overlord  
  135  9:27  Baneling x8  
  135  9:31  Overseer  
  135  9:34  Queen  
  137  9:41  Hive  
  137  9:46  Hydralisk x2  
  137  9:47  Extractor  
  137  9:49  Extractor, Overlord x2  
  139  9:54  Zerg Ground Armor Level 1  
  139  9:59  Drone x3  
  143  10:00  Drone  
  143  10:01  Overlord  
  141  10:24  Hatchery  
  140  10:29  Corruptor x5  
  150  10:40  Corruptor  
  150  10:41  Corruptor  
  154  10:50  Corruptor  
  154  10:51  Corruptor  
  158  10:59  Corruptor x2  
  162  11:09  Zergling x12  
  162  11:10  Zergling x4  
  169  11:22  Overlord  
  166  11:31  Overseer  
  145  11:52  Drone x3  
  144  11:56  Corruptor x2  
  144  11:57  Corruptor x4  
  144  11:59  Overlord  
  148  12:08  Drone  
  148  12:09  Drone x2  
  148  12:13  Hydralisk x4  
  148  12:14  Hydralisk x2  
Show
View Real Time Build Order
Export as new Build Order

llllllllllll Protoss - Winner!

Build Orders: 1 Gate Expand, Oracle Opening, Zealot Archon 

Get SALT Encoding   

  12  0:01  Probe  
  13  0:13  Probe  
  14  0:19  Pylon  
  14  0:25  Probe  
  15  0:37  Probe (Chrono Boost)  
  15  0:40  Gateway  
  16  0:49  Probe (Chrono Boost)  
  17  0:53  Assimilator  
  17  0:54  Probe (Chrono Boost)  
  18  1:03  Probe  
  19  1:16  Probe  
  20  1:25  Nexus  
  20  1:36  Cybernetics Core  
  20  1:39  Probe  
  21  1:43  Assimilator  
  21  1:51  Probe  
  22  2:04  Pylon  
  22  2:05  Probe  
  23  2:21  Adept (Chrono Boost)  
  26  2:22  Probe  
  26  2:25  Stargate  
  26  2:31  Warp Gate  
  27  2:37  Probe (Chrono Boost)  
  27  2:38  Probe (Chrono Boost)  
  27  2:40  Adept  
  30  2:47  Probe (Chrono Boost)  
  30  2:50  Probe (Chrono Boost)  
  32  2:52  Probe (Chrono Boost)  
  33  2:59  Probe  
  33  3:04  Probe  
  35  3:08  Gateway  
  35  3:11  Probe  
  36  3:16  Probe  
  37  3:23  Probe  
  38  3:28  Oracle (Chrono Boost), Probe  
  38  3:33  Adept (Chrono Boost)  
  40  3:35  Probe  
  40  3:37  Pylon  
  40  3:40  Probe, Pylon  
  44  3:44  Pylon  
  44  3:47  Probe  
  45  3:52  Probe  
  44  3:55  Oracle (Chrono Boost)  
  44  3:59  Probe  
  44  4:00  Assimilator  
  48  4:03  Robotics Facility  
  48  4:04  Assimilator, Probe  
  49  4:11  Probe  
  49  4:16  Probe  
  51  4:23  Probe  
  52  4:28  Probe  
  52  4:29  Twilight Council  
  53  4:35  Probe  
  54  4:40  Probe  
  54  4:42  Gateway  
  54  4:45  Gateway  
  55  4:48  Warp Prism (Chrono Boost), Adept x2, Probe  
  63  4:52  Probe  
  63  5:00  Probe  
  63  5:05  Probe  
  64  5:12  Probe  
  65  5:16  Templar Archives  
  65  5:17  Probe  
  66  5:24  Warp Prism, Probe  
  66  5:25  Charge  
  69  5:28  Nexus  
  69  5:30  Pylon  
  69  5:33  Probe  
  69  5:34  Pylon  
  70  5:53  High Templar x3  
  70  5:54  High Templar  
  70  5:56  Probe  
  79  6:03  Gateway, Archon x2  
  79  6:05  Gateway  
  79  6:08  Gateway  
  79  6:10  Shield Battery  
  79  6:11  Gateway  
  79  6:12  Shield Battery  
  79  6:30  Pylon  
  79  6:32  Pylon  
  79  6:45  Robotics Bay  
  79  6:47  Pylon  
  79  6:49  Assimilator, Probe (Chrono Boost), Pylon  
  79  6:51  Pylon  
  79  6:52  Probe (Chrono Boost)  
  79  6:53  Assimilator, Probe (Chrono Boost), Pylon  
  83  7:01  Probe (Chrono Boost)  
  79  7:23  Zealot  
  79  7:24  Zealot x3  
  79  7:27  Probe  
  79  7:28  Probe  
  89  7:30  Colossus (Chrono Boost)  
  89  7:31  Psionic Storm  
  89  7:34  Forge  
  89  7:35  Blink  
  89  7:36  Zealot x4  
  103  7:49  Zealot x4  
  103  8:05  Zealot x4  
  103  8:11  Stalker x2  
  107  8:13  Colossus (Chrono Boost)  
  105  8:26  Protoss Ground Weapons Level 1 (Chrono Boost)  
  97  8:29  Extended Thermal Lance (Chrono Boost)  
  97  8:34  High Templar x3  
  103  8:42  Gateway  
  103  8:46  Gateway  
  103  8:47  Gateway, Pylon, Zealot x2  
  103  8:48  Zealot x2  
  111  8:49  Gateway, Pylon  
  111  8:54  Dark Shrine  
  107  9:11  High Templar x2  
  107  9:12  Stalker x3  
  107  9:13  Stalker x2  
  121  9:25  Pylon  
  121  9:26  Pylon  
  121  9:29  Pylon  
  121  9:30  Pylon  
  121  9:31  Colossus (Chrono Boost)  
  127  9:42  Nexus  
  127  9:46  Assimilator  
  127  9:49  Assimilator, Zealot x4  
  127  9:50  Zealot  
  137  9:54  Probe x2  
  139  10:00  Pylon  
  139  10:05  High Templar x2  
  139  10:06  High Templar  
  143  10:10  High Templar  
  143  10:12  Archon  
  133  10:22  Archon  
  133  10:26  Dark Templar  
  135  10:28  Dark Templar  
  135  10:30  Dark Templar  
  139  10:38  Zealot x4  
  139  10:41  Probe x2  
  149  10:45  Photon Cannon  
  149  10:46  Photon Cannon x2  
  149  10:47  Photon Cannon  
  149  10:52  Stalker  
  151  11:09  Zealot x3  
  151  11:10  Zealot x4  
  165  11:22  Zealot  
  165  11:23  Zealot x2  
  165  11:24  High Templar  
  173  11:26  High Templar  
  175  11:34  Stalker  
  175  11:35  Photon Cannon  
  175  11:39  Photon Cannon  
  177  11:42  Photon Cannon  
  177  11:47  High Templar x3  
  177  11:48  High Templar x3  
  177  11:52  Archon x2  
  185  12:07  High Templar x2  
  189  12:08  Zealot x2  
  189  12:09  Zealot x2  
  189  12:13  Archon x2  
  189  12:14  Archon  
  129  12:47  Zealot x7  
  129  12:48  Zealot x5  
Tags
 
Add a new tag
Caveats
  • Supply blocks, unpowered buildings, or Contaminate may cause inaccurate times.
  • Supply counts are checked every 10 seconds.